 Dungeon Sprint DCSS version 0.28.0-43-g3370ac3207 (webtiles) character file.

Game seed: 11982895688163876379

496 boopmooplesden the Cleaver (level 6, -1/68 HPs)
             Began as a Minotaur Berserker on Mar 11, 2022.
             Was a Believer of Trog.
             Slain by a wyvern (7 damage)
             ... in the Dungeon (Sprint II: "The Violet Keep of Menkaure").
             The game lasted 00:00:16 (52 turns).

boopmooplesden the Cleaver (Minotaur Berserker)       Turns: 52, Time: 00:00:17

Health: -1/68      AC:  2    Str: 23    XL:     6   Next: 93%
Magic:  5/5        EV: 13    Int:  4    God:    Trog [**....]
Gold:   243        SH:  0    Dex: 10    Spells: 5/5 levels left

rFire   . . .      SeeInvis .   a - +0 hand axe
rCold   . . .      Faith    .   (no shield)
rNeg    . . .      Spirit   .   b - +0 animal skin
rPois   .          Reflect  .   (helmet restricted)
rElec   .          Harm     .   (no cloak)
rCorr   .          Rampage  .   (no gloves)
Will    .....      NoTele   +   (no boots)
Stlth   +.........              (no amulet)
HPRegen 0.21/turn               (no ring)
MPRegen 0.09/turn               (no ring)

@: no status effects
A: horns 2, retaliatory headbutt
a: Renounce Religion, Berserk, Trog's Hand


You were in the Dungeon.
You worshipped Trog.
Trog was pleased with you.
You visited 1 branch You collected 243 gold pieces.

Inventory:

Hand Weapons
 a - a +0 hand axe (weapon)
Armour
 b - a +0 animal skin (worn)
Scrolls
 h - a scroll of blinking
Potions
 c - a potion of curing
 d - a potion of heal wounds
 e - a potion of haste
 f - 2 potions of magic
 g - a potion of berserk rage


   Skills:
 + Level 11.5 Fighting
 + Level 11.9 Axes
 + Level 6.2 Armour
 + Level 5.7 Dodging


You had 5 spell levels left.
You didn't know any spells.
Your spell library was empty.

Dungeon Overview and Level Annotations

Branches:
Dungeon (1/1)

Altars:


Innate Abilities, Weirdness & Mutations

You have a pair of horns on your head.
You reflexively headbutt those who attack you in melee.


Message History

You slash the wyvern!
You kill the wyvern!
Trog accepts your kill.
Your Fighting skill increases to level 11!
Your Armour skill increases to level 6!
You closely miss the wyvern. The wyvern misses you.
You hit the wyvern.
The wyvern is lightly wounded.
The wyvern bites you!
You barely miss the wyvern. Your headbutt misses the wyvern.
Your punch misses the wyvern.
The wyvern is lightly wounded.
The wyvern misses you.
You slash the wyvern! Your headbutt misses the wyvern.
The wyvern is moderately wounded.
The wyvern closely misses you. You furiously retaliate!
You headbutt the wyvern. You barely miss the wyvern.
Your headbutt misses the wyvern.
The wyvern is heavily wounded.
The wyvern bites you!
* * * LOW HITPOINT WARNING * * *
You barely miss the wyvern.
The wyvern is heavily wounded.
You recover from your berserk rage.
The wyvern barely misses you.
You closely miss the wyvern. Your punch misses the wyvern.
The wyvern is heavily wounded.
The wyvern bites you!
* * * LOW HITPOINT WARNING * * *
You barely miss the wyvern.
The wyvern is moderately wounded.
The wyvern closely misses you. You furiously retaliate!
You headbutt the wyvern. You closely miss the wyvern.
The wyvern is severely wounded.
The wyvern closely misses you.
You slash the wyvern!
The wyvern is almost dead.
The wyvern bites you!
You die...

##+##
##.#.##
#..#..#
##..†#
# ##†##
.#
##.##$#
+.<@l#
##.##.#
#+# .#
#


You could see a wyvern.

Vanquished Creatures
  A wyvern (D)
  4 necrophages (D)
5 creatures vanquished.

Notes
Turn   | Place    | Note
-------+----------+-------------------------------------------
     0 | D        | boopmooplesden the Minotaur Berserker began the quest for
                  | the Orb.
     0 | D        | Reached XP level 1. HP: 19/19 MP: 0/0
     1 | D        | Noticed a necrophage
     1 | D        | Noticed a necrophage
     1 | D        | Noticed a necrophage
     1 | D        | Noticed a necrophage
     4 | D        | Killed a necrophage
     5 | D        | Reached XP level 2. HP: 34/34 MP: 1/1
     5 | D        | Reached XP level 3. HP: 39/39 MP: 2/2
     5 | D        | Reached XP level 4. HP: 47/47 MP: 3/3
     7 | D        | Killed a necrophage
     8 | D        | Reached XP level 5. HP: 56/56 MP: 4/4
     8 | D        | Killed a necrophage
     8 | D        | Reached ** piety under Trog
     9 | D        | Reached skill level 10 in Axes
     9 | D        | Reached skill level 5 in Armour
     9 | D        | Killed a necrophage
    10 | D        | Reached skill level 10 in Fighting
    10 | D        | Reached skill level 5 in Dodging
    10 | D        | Reached XP level 6. HP: 67/67 MP: 5/5
    36 | D        | Noticed a wyvern
    36 | D        | Noticed a wyvern
    42 | D        | Killed a wyvern
    52 | D        | Slain by a wyvern

Illustrated notes

Levels and vault maps discovered:
D:        the_violet_keep_of_menkaure [sprint2_stairs_cluster_1,
          sprint2_shoproom, sprint2_temple, sprint2_basic_supplies,
          sprint2_obstacle_1, sprint2_obstacle_2, sprint2_obstacle_7,
          sprint2_obstacle_4, sprint2_obstacle_3, sprint2_timed_cluster_1,
          sprint2_smallroom_cluster_1, sprint2_smallroom_final_cluster_1,
          sprint2_transparent_cluster_1, sprint2_second_timed_cluster_1,
          sprint2_sniper_area_1, sprint2_heavy_combat_area_1,
          sprint2_mutation_trap_area_1, sprint2_forest_area_1,
          sprint2_light_combat_area_1, sprint2_behind_water_1,
          sprint2_near_end_vault_1]

Skill      XL: |  1  2  3  4  5  6 |
---------------+-------------------+-----
Fighting       | 7 8 10 11 | 11.5
Axes           | 7 9 11 | 11.9
Armour         | 4 5 6 |  6.2
Dodging        | 3 4 5 |  5.7

Action                   |  1- 3 |  4- 6 || total
-------------------------+-------+-------++-------
Melee: Hand axe          |     2 |    20 ||    22
       Headbutt          |     1 |     1 ||     2
Invok: Berserk           |     1 |       ||     1
Armor: Animal skin       |       |     1 ||     1
Dodge: Dodged            |     1 |    12 ||    13
